MLB
BALTIMORE ORIOLES @ TORONTO BLUE JAYS
05/23/2020
 
TOP OF THE 1ST
Baltimore Orioles batting - Pitching for Toronto Blue Jays : RHP Brett Conine
Pitching: RHP Brett Conine
Batting: SHB Asdrubal Cabrera 0-0: Called Strike
0-1: Ground out U3 (Groundball, 34, EV 98.1 MPH)
Batting: LHB Daniel Murphy 0-0: Ground out 5-3 (Groundball, 56, EV 106.9 MPH)
Batting: RHB Trevor Story 0-0: Ball
1-0: Called Strike
1-1: Ball
2-1: Ball
3-1: Ground out 1-3 (Groundball, 13, EV 66.3 MPH)
Top of the 1st over - 0 runs, 0 hits, 0 errors, 0 left on base; Baltimore 0 - Toronto 0
BOTTOM OF THE 1ST
Toronto Blue Jays batting - Pitching for Baltimore Orioles : LHP Tyler Anderson
Pitching: LHP Tyler Anderson
Batting: RHB Keon Broxton 0-0: Ball
1-0: Ball
2-0: Ball
3-0: Base on Balls
Batting: RHB Mauricio Dubon 0-0: Ball
1-0: Called Strike
1-1: Ball
2-1: Ball
3-1: Base on Balls
Keon Broxton to second
Batting: SHB Josh Bell 0-0: Called Strike
0-1: Fly out, F7 (Flyball, 7S, EV 85.0 MPH)
Batting: RHB Kris Bryant 0-0: Ball
1-0: Ball
2-0: Ball
3-0: Called Strike
3-1: Swinging Strike
3-2: Base on Balls
Keon Broxton to third
Mauricio Dubon to second
Batting: RHB Jorge Soler 0-0: Called Strike
0-1: Ball
1-1: Ball
2-1: Foul Ball, location: 2F
2-2: Ball
3-2: Reached on error, E5 (Groundball, 56S, EV 81.9 MPH)
Keon Broxton scores
Mauricio Dubon to third
Kris Bryant to second
Batting: RHB Enrique Hernandez 0-0: SINGLE (Groundball, 56S, EV 96.9 MPH)
Mauricio Dubon scores
Kris Bryant to third
Jorge Soler to second
Runner from 3rd tries for Home, SAFE, throw by LF to home
Batting: RHB Aledmys Diaz 0-0: Called Strike
Jorge Soler steals 3rd, throwing error, E2
Jorge Soler scores
Enrique Hernandez to third
0-1: Ball
1-1: Ball
2-1: Foul Ball, location: 2F
2-2: Ball
3-2: Foul Ball, location: 2F
3-2: Base on Balls
Batting: RHB Robinson Chirinos 0-0: Swinging Strike
0-1: Foul Ball, location: 2F
0-2: Fly out, F4 (Popup, 34D, EV 51.9 MPH)
Batting: LHB Donovan Walton 0-0: Ball
1-0: Swinging Strike
Pickoff Throw to First - Out! 1-3
Bottom of the 1st over - 4 runs, 1 hit, 2 errors, 1 left on base; Baltimore 0 - Toronto 4
TOP OF THE 2ND
Baltimore Orioles batting - Pitching for Toronto Blue Jays : RHP Brett Conine
Batting: LHB Kyle Schwarber 0-0: Ball
1-0: Ball
2-0: Called Strike
2-1: Called Strike
2-2: Ball
3-2: Base on Balls
Batting: RHB Andrew McCutchen 0-0: Ball
1-0: Ball
2-0: Ball
3-0: Base on Balls
Kyle Schwarber to second
Batting: LHB Nomar Mazara 0-0: Ball
1-0: Foul Ball, location: 2F
1-1: SINGLE (Flyball, 89S, EV 85.6 MPH)
Kyle Schwarber to third
Andrew McCutchen to second
Batting: RHB Garrett Cooper 0-0: Ball
1-0: Ball
2-0: Ball
3-0: Called Strike
3-1: Swinging Strike
3-2: Foul Ball, location: 2F
3-2: Foul Ball, location: 2F
3-2: Strikes out swinging
Batting: LHB Nick Markakis 0-0: Called Strike
0-1: Ball
1-1: Grounds into double play, 3-6-3 (Groundball, 34, EV 102.5 MPH)
Top of the 2nd over - 0 runs, 1 hit, 0 errors, 2 left on base; Baltimore 0 - Toronto 4
BOTTOM OF THE 2ND
Toronto Blue Jays batting - Pitching for Baltimore Orioles : LHP Tyler Anderson
Batting: LHB Donovan Walton 0-0: Ball
1-0: Foul Ball, location: 2F
1-1: Ball
2-1: DOUBLE (Groundball, 5L, EV 103.8 MPH)
Batting: RHB Keon Broxton 0-0: Ball
1-0: Ball
2-0: Ball
3-0: Base on Balls
Batting: RHB Mauricio Dubon 0-0: Ball
1-0: SINGLE (Line Drive, 89S, EV 111.3 MPH)
Donovan Walton to third
Keon Broxton to second
Runner from 3rd tries for Home, SAFE, throw by RF to home
Batting: SHB Josh Bell 0-0: Called Strike
0-1: Foul Ball, location: 2F
0-2: Fly out, F8 (Flyball, 8LD, EV 99.4 MPH)
Batting: RHB Kris Bryant 0-0: 3-RUN HOME RUN (Line Drive, 78XD, EV 102.5 MPH), Distance : 431 ft
Pitching: RHP James Sherfy
Batting: RHB Jorge Soler 0-0: Ball
1-0: Swinging Strike
1-1: Fly out, F8 (Flyball, 8RD, EV 96.3 MPH)
Batting: RHB Enrique Hernandez 0-0: Ball
1-0: Ball
2-0: Foul Ball, location: 2F
2-1: Called Strike
2-2: Ball
3-2: Foul Ball, location: 2F
3-2: Base on Balls
Batting: RHB Aledmys Diaz 0-0: Fly out, F8 (Line Drive, 8RD, EV 90.6 MPH)
Bottom of the 2nd over - 4 runs, 3 hits, 0 errors, 1 left on base; Baltimore 0 - Toronto 8
TOP OF THE 3RD
Baltimore Orioles batting - Pitching for Toronto Blue Jays : RHP Brett Conine
Batting: RHB Taylor Davis 0-0: Called Strike
0-1: TRIPLE (Line Drive, 78XD, EV 107.5 MPH)
Batting: SHB Asdrubal Cabrera 0-0: Ball
1-0: Called Strike
1-1: Foul Ball, location: 2F
1-2: Ball
2-2: Strikes out swinging
Batting: LHB Daniel Murphy 0-0: Called Strike
0-1: Foul Ball, location: 2F
0-2: Ball
1-2: Fly out, F5 (Line Drive, 5, EV 64.4 MPH)
Batting: RHB Trevor Story 0-0: Swinging Strike
0-1: Swinging Strike
0-2: Ball
1-2: DOUBLE (Line Drive, 9LM, EV 111.9 MPH)
Taylor Davis scores
Batting: LHB Kyle Schwarber 0-0: Ground out U3 (Groundball, 3, EV 81.3 MPH)
Top of the 3rd over - 1 run, 2 hits, 0 errors, 1 left on base; Baltimore 1 - Toronto 8
BOTTOM OF THE 3RD
Toronto Blue Jays batting - Pitching for Baltimore Orioles : RHP James Sherfy
Batting: RHB Robinson Chirinos 0-0: Swinging Strike
0-1: Ball
1-1: Foul Ball, location: 2F
1-2: Strikes out swinging
Batting: LHB Donovan Walton 0-0: Called Strike
0-1: Ground out U3 (Groundball, 34S, EV 88.1 MPH)
Batting: RHB Keon Broxton 0-0: Ball
1-0: Called Strike
1-1: Foul Ball, location: 2F
1-2: Ball
2-2: Ball
3-2: Strikes out swinging
Bottom of the 3rd over - 0 runs, 0 hits, 0 errors, 0 left on base; Baltimore 1 - Toronto 8
TOP OF THE 4TH
Baltimore Orioles batting - Pitching for Toronto Blue Jays : RHP Brett Conine
Batting: RHB Andrew McCutchen 0-0: Ball
1-0: Called Strike
1-1: Called Strike
1-2: Ball
2-2: Ball
3-2: Fly out, F7 (Flyball, 7LM, EV 89.4 MPH)
Batting: LHB Nomar Mazara 0-0: SOLO HOME RUN (Flyball, 9LD, EV 93.1 MPH), Distance : 376 ft
Batting: RHB Garrett Cooper 0-0: Ball
1-0: Fly out, F8 (Flyball, 78XD, EV 85.6 MPH)
Batting: LHB Nick Markakis 0-0: Ball
1-0: Called Strike
1-1: Called Strike
1-2: Foul Ball, location: 2F
1-2: Ball
2-2: Foul Ball, location: 2F
2-2: Ball
3-2: Base on Balls
Batting: RHB Taylor Davis 0-0: Ball
1-0: Called Strike
1-1: Ball
2-1: Swinging Strike
2-2: Strikes out swinging
Top of the 4th over - 1 run, 1 hit, 0 errors, 1 left on base; Baltimore 2 - Toronto 8
BOTTOM OF THE 4TH
Toronto Blue Jays batting - Pitching for Baltimore Orioles : RHP James Sherfy
Batting: RHB Mauricio Dubon 0-0: Ball
1-0: Ball
2-0: Called Strike
2-1: Fly out, F3 (Popup, 34, EV 60.6 MPH)
Pitching: RHP Pedro Strop
Batting: SHB Josh Bell 0-0: Swinging Strike
0-1: Ball
1-1: Swinging Strike
1-2: Ball
2-2: Strikes out swinging
Batting: RHB Kris Bryant 0-0: Ball
1-0: Ball
2-0: Called Strike
2-1: Ball
3-1: Foul Ball, location: 2F
3-2: Foul Ball, location: 2F
3-2: Base on Balls
Batting: RHB Jorge Soler Pickoff Throw to First - Out! 1-3
Bottom of the 4th over - 0 runs, 0 hits, 0 errors, 0 left on base; Baltimore 2 - Toronto 8
TOP OF THE 5TH
Baltimore Orioles batting - Pitching for Toronto Blue Jays : RHP Brett Conine
Pitching: RHP Danny Barnes
Batting: SHB Asdrubal Cabrera 0-0: SINGLE (Groundball, 34D, EV 94.4 MPH)
Batting: LHB Daniel Murphy 0-0: Ball
1-0: Called Strike
1-1: Fly out, F4 (Popup, 3DF, EV 51.3 MPH)
Batting: RHB Trevor Story 0-0: Called Strike
0-1: Foul Ball, location: 2F
0-2: DOUBLE (Flyball, 78XD, EV 95.0 MPH)
Asdrubal Cabrera to third
Runner from 3rd tries for Home, SAFE, throw by CF to home
Batting: LHB Kyle Schwarber 0-0: Called Strike
0-1: Foul Ball, location: 2F
0-2: Foul Ball, location: 2F
0-2: Ball
1-2: Ball
2-2: Foul Ball, location: 2F
2-2: Ball
3-2: DOUBLE (Flyball, 8RXD, EV 104.4 MPH)
Trevor Story scores
Batting: RHB Andrew McCutchen 0-0: Foul Ball, location: 2F
0-1: Called Strike
0-2: Ball
1-2: Ground out 5-3 (Groundball, 25, EV 86.9 MPH)
Pitching: RHP Chi Chi Gonzalez
Batting: LHB Nomar Mazara 0-0: Ball
1-0: Ball
2-0: Fly out, F9 (Flyball, 9LD, EV 94.4 MPH)
Top of the 5th over - 2 runs, 3 hits, 0 errors, 1 left on base; Baltimore 4 - Toronto 8
BOTTOM OF THE 5TH
Toronto Blue Jays batting - Pitching for Baltimore Orioles : RHP Pedro Strop
Batting: RHB Jorge Soler 0-0: Ball
1-0: Swinging Strike
1-1: Swinging Strike
1-2: Strikes out swinging
Batting: RHB Enrique Hernandez 0-0: Called Strike
0-1: Swinging Strike
0-2: Strikes out swinging
Batting: RHB Aledmys Diaz 0-0: Fly out, F1 (Line Drive, P, EV 65.0 MPH)
Bottom of the 5th over - 0 runs, 0 hits, 0 errors, 0 left on base; Baltimore 4 - Toronto 8
TOP OF THE 6TH
Baltimore Orioles batting - Pitching for Toronto Blue Jays : RHP Chi Chi Gonzalez
Batting: RHB Garrett Cooper 0-0: Ground out 5-3 (Groundball, 56, EV 86.9 MPH)
Batting: LHB Nick Markakis 0-0: Ground out 1-3 (Groundball, 34S, EV 65.0 MPH)
Batting: RHB Taylor Davis 0-0: Ball
1-0: SINGLE (Line Drive, 6D, EV 103.1 MPH)
Batting: SHB Asdrubal Cabrera 0-0: SINGLE (Flyball, 6D, EV 89.4 MPH)
Taylor Davis to second
Batting: LHB Daniel Murphy 0-0: Ball
1-0: Ball
2-0: Ball
3-0: Base on Balls
Taylor Davis to third
Asdrubal Cabrera to second
Batting: RHB Trevor Story 0-0: Foul Ball, location: 2F
0-1: Ball
1-1: Called Strike
1-2: Strikes out swinging
Top of the 6th over - 0 runs, 2 hits, 0 errors, 3 left on base; Baltimore 4 - Toronto 8
BOTTOM OF THE 6TH
Toronto Blue Jays batting - Pitching for Baltimore Orioles : RHP Pedro Strop
Batting: RHB Robinson Chirinos 0-0: Ball
1-0: Ball
2-0: Called Strike
2-1: Foul Ball, location: 2F
2-2: Strikes out swinging
Pitching: RHP R.J. Alaniz
Batting: LHB Donovan Walton 0-0: Ball
1-0: Ball
2-0: Ground out 6-3 (Groundball, 6S, EV 80.0 MPH)
Batting: RHB Keon Broxton 0-0: Called Strike
0-1: Ball
1-1: Called Strike
1-2: Hit by Pitch
Batting: RHB Mauricio Dubon 0-0: Ball
1-0: Ball
2-0: Called Strike
Keon Broxton steals 2nd base
2-1: Fly out, F7 (Flyball, 7LD, EV 85.0 MPH)
Bottom of the 6th over - 0 runs, 0 hits, 0 errors, 1 left on base; Baltimore 4 - Toronto 8
TOP OF THE 7TH
Baltimore Orioles batting - Pitching for Toronto Blue Jays : RHP Chi Chi Gonzalez
Pitching: RHP JC Ramirez
Batting: LHB Kyle Schwarber 0-0: Swinging Strike
0-1: Swinging Strike
0-2: Strikes out swinging
Batting: RHB Andrew McCutchen 0-0: Ball
1-0: Ball
2-0: Swinging Strike
2-1: Ball
3-1: Foul Ball, location: 2F
3-2: Foul Ball, location: 2F
3-2: DOUBLE (Flyball, 78D, EV 101.9 MPH)
Batting: LHB Nomar Mazara 0-0: Ground out 4-3 (Groundball, 4S, EV 85.0 MPH)
Andrew McCutchen to third
Batting: RHB Garrett Cooper 0-0: Ball
1-0: Called Strike
1-1: Called Strike
1-2: Foul Ball, location: 2F
1-2: Ball
2-2: SINGLE (Line Drive, 8LS, EV 90.6 MPH)
Andrew McCutchen scores
Batting: LHB Nick Markakis 0-0: Called Strike
Garrett Cooper steals 2nd base
0-1: Called Strike
0-2: Ball
1-2: Strikes out swinging
Top of the 7th over - 1 run, 2 hits, 0 errors, 1 left on base; Baltimore 5 - Toronto 8
BOTTOM OF THE 7TH
Toronto Blue Jays batting - Pitching for Baltimore Orioles : RHP R.J. Alaniz
Pitching: LHP Mike Montgomery
Batting: SHB Josh Bell 0-0: Ball
1-0: Called Strike
1-1: Ball
2-1: Foul Ball, location: 2F
2-2: Ball
3-2: Fly out, F8 (Flyball, 8RD, EV 90.6 MPH)
Batting: RHB Kris Bryant 0-0: Ball
1-0: Foul Ball, location: 2F
1-1: Foul Ball, location: 2F
1-2: Foul Ball, location: 2F
1-2: Ball
2-2: Foul Ball, location: 2F
2-2: Ball
3-2: Foul Ball, location: 2F
3-2: Fly out, F7 (Flyball, 7LD, EV 86.9 MPH)
Batting: RHB Jorge Soler 0-0: Ball
1-0: Ball
2-0: Foul Ball, location: 2F
2-1: Swinging Strike
2-2: SINGLE (Line Drive, 8RS, EV 110.6 MPH)
Pitching: RHP Brandon Morrow
Batting: RHB Enrique Hernandez 0-0: Ball
1-0: Called Strike
1-1: Ball
2-1: Swinging Strike
2-2: Ball
3-2: Fly out, F9 (Flyball, 89XD, EV 94.4 MPH)
Bottom of the 7th over - 0 runs, 1 hit, 0 errors, 1 left on base; Baltimore 5 - Toronto 8
TOP OF THE 8TH
Baltimore Orioles batting - Pitching for Toronto Blue Jays : RHP JC Ramirez
Pitching: LHP Alex Young
Batting: RHB Taylor Davis 0-0: Ground out 5-3 (Groundball, 56, EV 76.9 MPH)
Batting: SHB Asdrubal Cabrera 0-0: Called Strike
0-1: Ball
1-1: Ball
2-1: Bunt for hit to 23 - play at first, batter OUT! 3-4
Batting: LHB Daniel Murphy 0-0: DOUBLE (Flyball, 78XD, EV 91.3 MPH)
Batting: RHB Trevor Story 0-0: Swinging Strike
0-1: Ground out 5-3 (Groundball, 56S, EV 78.8 MPH)
Top of the 8th over - 0 runs, 1 hit, 0 errors, 1 left on base; Baltimore 5 - Toronto 8
BOTTOM OF THE 8TH
Toronto Blue Jays batting - Pitching for Baltimore Orioles : RHP Brandon Morrow
Pitching: RHP Javier Guerra
Batting: RHB Aledmys Diaz 0-0: SOLO HOME RUN (Flyball, 78XD, EV 106.9 MPH), Distance : 431 ft
Batting: RHB Robinson Chirinos 0-0: Swinging Strike
0-1: Swinging Strike
0-2: Ball
1-2: Strikes out swinging
Batting: LHB Donovan Walton 0-0: Called Strike
0-1: Called Strike
0-2: Ball
1-2: Ball
2-2: Foul Ball, location: 2F
2-2: Ball
3-2: Base on Balls
Batting: RHB Keon Broxton 0-0: Fielders Choice at 2nd, 3-6 (Groundball, 34, EV 108.1 MPH)
Batting: RHB Mauricio Dubon 0-0: Ball
1-0: Called Strike
1-1: Called Strike
1-2: Ball
Keon Broxton steals 2nd base
2-2: Foul Ball, location: 2F
2-2: Ball
3-2: Ground out 5-3 (Groundball, 56S, EV 80.0 MPH)
Bottom of the 8th over - 1 run, 1 hit, 0 errors, 1 left on base; Baltimore 5 - Toronto 9
TOP OF THE 9TH
Baltimore Orioles batting - Pitching for Toronto Blue Jays : LHP Alex Young
Pitching: RHP Dauris Valdez
Batting: LHB Kyle Schwarber 0-0: Hit by Pitch
Batting: RHB Andrew McCutchen 0-0: Ball
1-0: Ball
2-0: Foul Ball, location: 2F
2-1: Fly out, F7 (Flyball, 7, EV 92.5 MPH)
Batting: LHB Nomar Mazara 0-0: Called Strike
0-1: Ball
1-1: Foul Ball, location: 2F
1-2: Strikes out swinging
Batting: RHB Garrett Cooper 0-0: Ball
1-0: Ball
2-0: Ball
3-0: Called Strike
3-1: Base on Balls
Kyle Schwarber to second
Batting: LHB Nick Markakis 0-0: Called Strike
0-1: Called Strike
0-2: Ball
1-2: Ball
2-2: Foul Ball, location: 2F
2-2: Foul Ball, location: 2F
2-2: Foul Ball, location: 2F
2-2: Foul Ball, location: 2F
2-2: Strikes out swinging
Top of the 9th over - 0 runs, 0 hits, 0 errors, 2 left on base; Baltimore 5 - Toronto 9
Monday, July 13th, 2020 - OOTP Baseball 21.4 Build 63